 Dungeon Crawl Stone Soup version 0.21.1 (webtiles) character file.

919 teukkam the Sneak (level 8, -1/64 HPs)
             Began as a Gnoll Wanderer on Feb 2, 2018.
             Slain by an orc warrior
             ... wielding a +0 war axe
              (12 damage)
             ... in a bailey.
             The game lasted 00:23:29 (4873 turns).

teukkam the Sneak (Gnoll Wanderer)                  Turns: 4873, Time: 00:23:29

Health: -1/64      AC: 14    Str: 20    XL:     8   Next: 9%
Magic:  12/12      EV:  8    Int: 16    God:
Gold:   184        SH:  4    Dex: 10    Spells: 12/12 levels left

rFire    . . .     SeeInvis .   b - +0 war axe
rCold    + . .     Gourm    +   s - +0 buckler (curse)
rNeg     . . .     Faith    .   p - +1 chain mail {rC+}
rPois    .         Spirit   .   (no helmet)
rElec    .         Reflect  .   r - +0 cloak
rCorr    .         Harm     .   (no gloves)
MR       .....                  u - +0 pair of boots
Stlth    +.........             w - amulet of the gourmand
HPRegen  0.20/turn              g - ring of stealth
MPRegen  0.13/turn              (no ring)

@: no status effects
A: distributed training, fangs 1, rugged brown scales 1, shaggy fur 1, strong
nose
a: no special abilities


You were in a bailey.
You were full.

You visited 1 branch of the dungeon, and saw 7 of its levels.
You also visited: Bailey.

You collected 184 gold pieces.

Inventory:

Hand Weapons
 a - a +3 dagger
 b - a +0 war axe (weapon)
 c - a +0 short sword
 d - a +0 quarterstaff
 e - a cursed +0 hand axe
Missiles
 i - 32 poisoned needles
 j - 78 stones (quivered)
 m - 2 needles of confusion
 q - 7 curare-tipped needles
Armour
 p - a +1 chain mail of cold resistance (worn)
 r - a +0 cloak (worn)
 s - a cursed +0 buckler (worn)
 u - a +0 pair of boots (worn)
Jewellery
 g - a ring of stealth (left hand)
 w - an amulet of the gourmand (around neck)
Scrolls
 k - a scroll of remove curse
 l - 2 scrolls of identify
 o - a scroll of amnesia
Books
 n - a book of Changes

   Spells                             Type                      Level
   a - Beastly Appendage              Transmutation                1
   b - Sticks to Snakes               Transmutation                2
   c - Spider Form                    Transmutation/Poison         3
   d - Ice Form                       Ice/Transmutation            4
   e - Blade Hands                    Transmutation                5
Comestibles
 f - 4 rations


   Skills:
 + Level 5.4 Fighting
 + Level 2.9 Short Blades
 + Level 2.9 Long Blades
 + Level 2.9 Axes
 + Level 2.9 Maces & Flails
 + Level 2.9 Polearms
 + Level 5.4 Staves
 + Level 2.9 Slings
 + Level 2.9 Bows
 + Level 2.9 Crossbows
 + Level 2.9 Throwing
 + Level 2.9 Armour
 + Level 2.9 Dodging
 + Level 6.7 Stealth
 + Level 3.9 Shields
 + Level 5.4 Unarmed Combat
 + Level 2.9 Spellcasting
 + Level 2.3 Conjurations
 + Level 2.3 Hexes
 + Level 2.3 Charms
 + Level 2.3 Summonings
 + Level 2.3 Necromancy
 + Level 2.3 Translocations
 + Level 2.3 Transmutations
 + Level 2.3 Fire Magic
 + Level 2.3 Ice Magic
 + Level 2.3 Air Magic
 + Level 2.3 Earth Magic
 + Level 2.3 Poison Magic
 + Level 3.2 Invocations
 + Level 2.9 Evocations


You had 12 spell levels left.
You didn't know any spells.

Dungeon Overview and Level Annotations

Branches:
Dungeon (7/15)
 Temple: D:4-7

Altars:
Elyvilon
Fedhas
Qazlal
Sif Muna
Yredelemnul


Innate Abilities, Weirdness & Mutations

Your experience applies equally to all skills.
You have very sharp teeth.
Your uncanny sense of smell can sniff out nearby items.
You are partially covered in rugged brown scales. (AC +1, +3% HP)
You are covered in fur. (AC +1)


Message History

Aim: a hobgoblin, wielding a hand axe and wearing a leather armour You throw a stone.
The stone closely misses the hobgoblin.
The stone hits the orc warrior but does no damage.
You hit the hobgoblin.
The hobgoblin is moderately wounded.
The hobgoblin hits you but does no damage. x2
You slash the hobgoblin!
You kill the hobgoblin!
You barely miss the orc warrior.
The orc warrior hits you with a war axe.
* * * LOW HITPOINT WARNING * * *
You hit the orc.
The orc is severely wounded.
You hit the orc warrior but do no damage.
You block the orc warrior's attack. The orc hits you but does no damage.
You slash the orc!
You kill the orc!
You hit the orc warrior. You closely miss the hobgoblin.
The orc warrior hits you with a war axe!
You die...

.......# ...go..#
..o.).### ♣♣♣
....#'#.### ♣♣♣.♣♣♣♣
#.###.....###♣......♣
###.........##......♣♣
∆#..(........#.......♣
∆#.......)...))g.....♣
∆#.....⌠)).).())@.∩..♣♣
∆#...........))o.)....♣
∆#...........#.......♣♣
##.........##.......♣
###.....###♣......♣♣
#+#.### ♣♣♣♣..♣♣ ###
♣♣♣♣


You could see an orc warrior and a hobgoblin.

Vanquished Creatures
  3 orc warriors (Bailey)
  A sky beast (D:5)
  A howler monkey (D:6)
  A crimson imp (D:5)
  3 hounds
  An orc wizard (D:6)
  2 orc priests
  Jessica (D:3)
  3 iguanas
  2 gnolls (Bailey)
  A howler monkey skeleton (D:5)
  5 adders
  An ooze (D:2)
  An adder skeleton (D:4)
  7 leopard geckos
  9 orcs
  A ball python (D:3)
  3 bats
  4 giant cockroaches
  15 hobgoblins
  12 jackals
  4 kobolds
  4 quokkas
  4 frilled lizards
  10 goblins
  4 rats
103 creatures vanquished.

Notes
Turn   | Place    | Note
-------+----------+-------------------------------------------
     0 | D:1      | teukkam the Gnoll Wanderer began the quest for the Orb.
     0 | D:1      | teukkam set off with: a +2 dagger, a scroll of blinking, a +0 short sword, a +0 quarterstaff, a +0 robe, a ration
     0 | D:1      | Reached XP level 1. HP: 20/20 MP: 1/1
    87 | D:1      | Reached XP level 2. HP: 19/26 MP: 2/2
   430 | D:1      | Reached XP level 3. HP: 22/31 MP: 3/3
   808 | D:3      | Reached skill level 6 in Stealth
   846 | D:3      | Found a stormy altar of Qazlal.
   847 | D:3      | Noticed a water elemental
   848 | D:3      | Noticed an air elemental
   848 | D:3      | Noticed an earth elemental
   848 | D:3      | Noticed a fire elemental
   865 | D:3      | Reached skill level 1 in Invocations
  1080 | D:3      | Gained mutation: You are covered in fur. (AC +1) [potion of mutation]
  1080 | D:3      | Gained mutation: You are partially covered in rugged brown scales. (AC +1, +3% HP) [potion of mutation]
  1082 | D:3      | Reached skill level 1 in Short Blades
  1082 | D:3      | Reached skill level 1 in Long Blades
  1082 | D:3      | Reached skill level 1 in Axes
  1082 | D:3      | Reached skill level 1 in Maces & Flails
  1082 | D:3      | Reached skill level 1 in Polearms
  1082 | D:3      | Reached skill level 1 in Slings
  1082 | D:3      | Reached skill level 1 in Bows
  1082 | D:3      | Reached skill level 1 in Crossbows
  1082 | D:3      | Reached skill level 1 in Throwing
  1082 | D:3      | Reached skill level 1 in Armour
  1082 | D:3      | Reached skill level 1 in Dodging
  1082 | D:3      | Reached skill level 1 in Spellcasting
  1082 | D:3      | Reached skill level 1 in Evocations
  1082 | D:3      | Reached XP level 4. HP: 8/39 MP: 5/5
  1404 | D:2      | Found a basalt altar of Yredelemnul.
  1531 | D:2      | Found a white marble altar of Elyvilon.
  1711 | D:2      | Reached skill level 1 in Conjurations
  1711 | D:2      | Reached skill level 1 in Hexes
  1711 | D:2      | Reached skill level 1 in Charms
  1711 | D:2      | Reached skill level 1 in Summonings
  1711 | D:2      | Reached skill level 1 in Necromancy
  1711 | D:2      | Reached skill level 1 in Translocations
  1711 | D:2      | Reached skill level 1 in Transmutations
  1711 | D:2      | Reached skill level 1 in Fire Magic
  1711 | D:2      | Reached skill level 1 in Ice Magic
  1711 | D:2      | Reached skill level 1 in Air Magic
  1711 | D:2      | Reached skill level 1 in Earth Magic
  1711 | D:2      | Reached skill level 1 in Poison Magic
  1891 | D:3      | Noticed Jessica
  1903 | D:3      | Killed Jessica
  1903 | D:3      | Reached XP level 5. HP: 22/44 MP: 5/7
  2160 | D:3      | Found a deep blue altar of Sif Muna.
  2967 | D:5      | Entered Level 5 of the Dungeon
  2991 | D:5      | Reached XP level 6. HP: 13/51 MP: 8/8
  3433 | D:5      | Noticed a sky beast
  3456 | D:5      | Killed a sky beast
  3456 | D:5      | Reached skill level 5 in Fighting
  3456 | D:5      | Reached skill level 5 in Staves
  3456 | D:5      | Reached skill level 5 in Unarmed Combat
  3802 | D:5      | Noticed a sky beast
  4122 | D:6      | Reached XP level 7. HP: 52/57 MP: 10/10
  4146 | D:6      | Found a blossoming altar of Fedhas.
  4551 | D:7      | Noticed a human
  4551 | D:7      | Noticed a hog
  4551 | D:7      | Noticed a hog
  4555 | D:7      | Noticed a hog
  4556 | D:7      | Noticed a hog
  4568 | D:7      | Found a flagged portal.
  4596 | Bailey   | Entered a bailey
  4845 | Bailey   | Reached XP level 8. HP: 8/64 MP: 12/12
  4873 | Bailey   | Slain by an orc warrior

Skill      XL: |  1  2  3  4  5  6  7 |
---------------+----------------------+-----
Stealth        | 6 |  6.7
Invocations    | 1 2 3 |  3.2
Short Blades   | 1 2 |  2.9
Long Blades    | 1 2 |  2.9
Axes           | 1 2 |  2.9
Maces & Flails | 1 2 |  2.9
Polearms       | 1 2 |  2.9
Slings         | 1 2 |  2.9
Bows           | 1 2 |  2.9
Crossbows      | 1 2 |  2.9
Throwing       | 1 2 |  2.9
Armour         | 1 2 |  2.9
Dodging        | 1 2 |  2.9
Spellcasting   | 1 2 |  2.9
Evocations     | 1 2 |  2.9
Conjurations   | 1 2 |  2.3
Hexes          | 1 2 |  2.3
Charms         | 1 2 |  2.3
Summonings     | 1 2 |  2.3
Necromancy     | 1 2 |  2.3
Translocations | 1 2 |  2.3
Transmutations | 1 2 |  2.3
Fire Magic     | 1 2 |  2.3
Ice Magic      | 1 2 |  2.3
Air Magic      | 1 2 |  2.3
Earth Magic    | 1 2 |  2.3
Poison Magic   | 1 2 |  2.3
Shields        | 3 |  3.9
Fighting       | 5 |  5.4
Staves         | 5 |  5.4
Unarmed Combat | 5 |  5.4

Action                   |  1- 3 |  4- 6 |  7- 9 || total
-------------------------+-------+-------+-------++-------
Melee: Dagger            |   118 |   297 |    95 ||   510
       Bite              |    11 |    20 |    10 ||    41
       Punch             |       |     2 |       ||     2
       War axe           |       |       |    52 ||    52
Throw: Stone             |       |    13 |    10 ||    23
  Use: Potion            |     2 |     2 |     2 ||     6
       Scroll            |       |     7 |     2 ||     9
 Stab: Sleeping          |     8 |     4 |     1 ||    13
  Eat: Chunk             |     1 |     3 |     9 ||    13
       Ration            |       |     2 |       ||     2
Armor: Robe              |    12 |       |       ||    12
       Scale mail        |    12 |    80 |       ||    92
       Chain mail        |       |    31 |   118 ||   149
       Skin              |       |    15 |       ||    15
Dodge: Dodged            |    45 |   114 |    88 ||   247
Block: Buckler           |       |    13 |    42 ||    55
